 Dungeon Crawl Stone Soup version 0.31-a0-920-g28cbb04a8c (webtiles) character file.

Game seed: 12193572485126740404

275856 PostNTowers the Executioner (level 20, -10/212 HPs)
             Began as a Hill Orc Fighter on Oct 16, 2023.
             Was the Champion of Jiyva.
             Mangled by a vault warden
             ... wielding a +3 broad axe of electrocution
              (15 damage)
             ... on level 5 of the Vaults on Oct 17, 2023.
             The game lasted 01:00:36 (27810 turns).

PostNTowers the Executioner (Hill Orc Fighter)     Turns: 27810, Time: 01:00:38

Health: -10/212    AC: 37    Str: 34    XL:     20   Next: 35%
Magic:  22/22      EV: 10    Int:  6    God:    Jiyva [******]
Gold:   832        SH:  0    Dex: 10    Spells: 19/19 levels left

rFire   . . .        Y - +7 executioner's axe (heavy)
rCold   . . .        (shield currently unavailable)
rNeg    + . .        o - +0 crystal plate armour
rPois   .            (helmet restricted)
rElec   .            L - +0 cloak
rCorr   +            H - +2 pair of gloves {Stlth+}
SInv    .            (boots unavailable)
Will    ++++.        P - amulet of the Four Winds {rN+ Will+++ Clar} Stlth
                     C - +4 ring of slaying
HPRegen 2.15/turn    u - +4 ring of protection
MPRegen 0.68/turn

%: clarity
@: no status effects
A: antennae 1, talons 3, iridescent scales 1, camouflage 3, clarity, high MP 1,
sense surroundings 1, strong 2, eyeballs 1, evolution 1, tendrils, MP-powered
wands
}: 2/15 runes: slimy, abyssal
a: Renounce Religion, Oozemancy, Slimify


You were on level 5 of the Vaults.
You worshipped Jiyva.
Jiyva was exalted by your worship.
You visited 7 branches of the dungeon, and saw 35 of its levels.
You visited the Abyss 1 time.
You also visited: Trove, Sewer and Gauntlet.

You collected 2666 gold pieces.
You spent 1834 gold pieces at shops.

Inventory:

Hand Weapons
 a - a +1 war axe of draining
 Y - a +7 heavy executioner's axe (weapon)
Armour
 o - a +0 crystal plate armour (worn)
 q - the +5 pair of boots "Orahaziw" {Dex+3}
   (You found it in a Gauntlet)

   Dex+3:     It affects your dexterity (+3).
 H - a +2 pair of gloves of stealth (worn)
 J - a +0 kite shield
 L - a +0 cloak (worn)
 O - the +2 helmet "Jyeff" {Rampage rCorr Int-5 Dex+5 Slay+6}
   (You found it on level 5 of the Pits of Slime)

   Int-5:     It affects your intelligence (-5).
   Dex+5:     It affects your dexterity (+5).
   Slay+6:    It affects your accuracy & damage with ranged weapons and melee
   (+6).
   rCorr:     It protects you from acid and corrosion.
   Rampage:   It bestows one free step when moving towards enemies.
 S - the scarf of Resmeoza {shadows, Drain rPois SInv}
   (You found it on level 12 of the Dungeon)

   rPois:     It protects you from poison SInv: It lets you see invisible.
   Drain:     It drains your maximum health when unequipped.
Jewellery
 l - a +4 ring of protection
 n - a ring of flight
 u - a +4 ring of protection (right hand)
 C - a +4 ring of slaying (left hand)
 N - the ring of Salvation {Will+ SInv}
   (You found it on level 3 of the Vaults)

   [ring of see invisible]

   Will+:     It increases your willpower.
   SInv:      It lets you see invisible.
 P - the amulet of the Four Winds (around neck) {rN+ Will+++ Clar}
   (You bought it in a shop on level 1 of the Elven Halls)

   [amulet of nothing]

   rN+:       It protects you from negative energy.
   Will+++:   It greatly increases your willpower.
   Clar:      It protects you from confusion, rage, mesmerisation and fear.
Wands
 c - a wand of polymorph (6)
 r - a wand of charming (4)
 I - a wand of flame (6)
 R - a wand of mindburst (20)
 X - a wand of iceblast (11)
 Z - a wand of light (2)
Scrolls
 e - 9 scrolls of teleportation
 f - 5 scrolls of vulnerability
 g - 7 scrolls of fog
 i - a scroll of poison
 j - a scroll of brand weapon
 t - 4 scrolls of immolation
 v - 2 scrolls of enchant armour
 y - 3 scrolls of identify
 B - a scroll of fear
 D - 4 scrolls of amnesia
Potions
 b - 6 potions of heal wounds
 d - 4 potions of might
 h - 4 potions of lignification
 k - 3 potions of curing
 m - 3 potions of degeneration
 p - 2 potions of enlightenment
 s - 5 potions of mutation
 w - a potion of magic {unknown}
 x - 4 potions of ambrosia {unknown}
 z - 5 potions of attraction {unknown}
 A - 3 potions of brilliance
 F - 3 potions of berserk rage
 G - 2 potions of invisibility
 K - a potion of resistance {unknown}
 M - a potion of haste {unknown}


   Skills:
 * Level 25.7 Fighting
 + Level 26.3 Axes
 * Level 18.6 Armour
 * Level 8.8 Dodging
 + Level 7.6 Stealth
 + Level 5.1 Shields


You had 19 spell levels left.
You didn't know any spells.
Your spell library contained the following spells:

 Spells                   Type           Power      Damage    Failure   Level
 Foxfire                  Conj/Fire      0%         2x1d4     99%         1
 Magic Dart               Conj           0%         1d3       99%         1
 Necrotise                Necr           0%         1d4       99%         1
 Cigotuvi's Dreadful Rot  Necr/Pois/Air  0%         N/A       100%        2
 Lesser Beckoning         Tloc           0%         N/A       100%        2
 Scorch                   Fire           0%         2d5       100%        2
 Searing Ray              Conj           0%         2d4       100%        2
 Sublimation of Blood     Necr           0%         N/A       100%        2
 Wereblood                Tmut           0%         N/A       100%        2
 Gell's Gravitas          Tloc           0%         N/A       100%        3
 Ignite Poison            Fire/Tmut/Pois 0%         N/A       100%        3
 Ozocubu's Armour         Ice            0%         N/A       100%        3
 Summon Guardian Golem    Hex/Summ       0%         N/A       100%        3
 Teleport Other           Tloc           0%         N/A       100%        3
 Vampiric Draining        Necr           0%         2d6       100%        3
 Volatile Blastmotes      Fire/Tloc      0%         2d10      100%        3
 Dispel Undead            Necr           0%         3d6       100%        4
 Flame Wave               Conj/Fire      0%         2d4       100%        4
 Fulminant Prism          Conj/Hex       0%         3d5       100%        4
 Iskenderun's Mystic Bla  Conj/Tloc      0%         2d3       100%        4
 Vhi's Electric Charge    Tloc/Air       0%         N/A       100%        4
 Agony                    Necr           0%         N/A       100%        5
 Arcjolt                  Conj/Air       0%         1d10      100%        5
 Irradiate                Conj/Tmut      0%         3d11      100%        5
 Conjure Ball Lightning   Conj/Air       0%         3x3d6     100%        6
 Death Channel            Necr           0%         N/A       100%        6
 Plasma Beam              Fire/Air       0%         2x1d10    100%        6
 Summon Cactus Giant      Summ           0%         N/A       100%        6
 Orb of Destruction       Conj           0%         9d5       100%        7
 Ozocubu's Refrigeration  Ice            0%         4d7       100%        7
 Spellforged Servitor     Conj/Summ      0%         N/A       100%        7


Dungeon Overview and Level Annotations

Branches:
Dungeon (15/15)            Temple (1/1) D:5            Lair (5/5) D:9
 Shoals (0/4) Lair:3       Spider (0/4) Lair:3        Slime (5/5) Lair:5
    Orc (2/2) D:9             Elf (2/3) Orc:2        Vaults (5/5) D:13
  Crypt (0/3) Vaults:3     Depths (0/4) D:15          Sewer (visited)
Gauntlet (visited)

Altars:
Ashenzari
Cheibriados
Dithmenos
Elyvilon
Fedhas
Gozag
Hepliaklqana
Kikubaaqudgha
Makhleb
Nemelex Xobeh
Okawaru
Qazlal
Ru
Sif Muna
Trog
Uskayaw
Vehumet
Wu Jian
Xom
Yredelemnul
Zin
The Shining One
Beogh
Jiyva
Lugonu

Shops:
D:4 !(*   D:10 :   Orc:2 (?:[   Elf:1 :=:   Elf:2 !   Vaults:2 (

Portals:
Abyss: Lair:5*

Annotations:
Lair:3 exclusion: orange crystal statue
Slime:5 Royal Jelly
Vaults:5 Frederick


Innate Abilities, Weirdness & Mutations

You have a pair of small antennae on your head.
You have claws for feet.
You are partially covered in iridescent scales. (AC +2)
Your skin perfectly mimics your surroundings (Stealth+++).
You possess an exceptional clarity of mind.
You have an increased reservoir of magic. (+10% MP)
You passively map a small area around you.
Your muscles are very strong. (Str +8, Int/Dex -2)
Your body has grown eyes which may confuse attackers. (Acc +3)
You have hidden genetic potential.
You are covered in slimy tendrils that may disarm your opponents.
You expend magic power (3 MP) to strengthen your wands.


Message History

The vault warden activates a sealing rune.
Something touches you but does no damage.
The vault warden activates a sealing rune.
A door slams shut!
Something unseen opens the door.
The yaktaur shoots a bolt.
The bolt hits you!
* * * LOW HITPOINT WARNING * * *
You feel much better. The queen bee misses you.
The orc knight hits you but does no damage.
The vault warden hits you with a +3 broad axe of electrocution!
You hear some strange, mumbled words.
A bolt of cold appears from out of thin air!
The bolt of cold hits you.
* * * LOW HITPOINT WARNING * * *
The vault warden hits you from afar with a +7 glaive of flaming!!
* * * LOW HITPOINT WARNING * * *
The vault warden burns you.
* * * LOW HITPOINT WARNING * * *
A hell knight comes into view.
It is wielding a +2 heavy broad axe and wearing a +0 plate armour of cold resistance.
As you read the scroll of summoning, it crumbles to dust.
Wisps of shadow whirl around you... The queen bee completely misses you.
The vault warden hits you with a +3 broad axe of electrocution.
* * * LOW HITPOINT WARNING * * *
The ironbound convoker gestures at the vault warden while chanting.
The vault warden seems to grow stronger.
Something touches you but does no damage.
The vault warden hits you from afar with a +7 glaive of flaming!
* * * LOW HITPOINT WARNING * * *
The vault warden burns you.
* * * LOW HITPOINT WARNING * * *
The yaktaur unwields a +0 arbalest.
The yaktaur misses your deep elf high priest.
The yaktaur shoots a bolt.
The bolt barely misses you.
You feel much better. The queen bee stings you!
* * * LOW HITPOINT WARNING * * *
Your redback bites the yaktaur!
The yaktaur looks as sick as possible!
Your redback poisons the yaktaur!
The vault warden hits you with a +3 broad axe of electrocution!
* * * LOW HITPOINT WARNING * * *
You are electrocuted!
You die...

################
#.$.[........... , ,
, #...))..........
#.!..########### * *
#...[..+##### *####
#..#.###@{c{# ###....
#..#+#ccyppp.[#
##[..... #.
#.seoCo...[# #/......
#.,*#.ss.......#
#....... #
#.s..s.@e..# #.......
#......9....#..X.....
,,
##(......p..'C.......
,
###).....'###+.....=
* ,#...###


You could see Frederick, a frost giant (strong), 2 vault wardens, a spellforged
servitor (summoned), a yaktaur captain (strong), an orc knight, a hell knight, a
deep elf demonologist, an ironbound convoker, 2 yaktaurs, a queen bee shaped
shifter (ally target), an orc warrior (strong), a friendly deep elf high priest
(summoned), a friendly jumping spider (summoned) and 4 friendly redbacks.

Vanquished Creatures
  Mennas (Vaults:4)
  Saint Roka (Vaults:3)
  Nikola (Elf:2)
  A bone dragon (Abyss:3)
  3 tentacled monstrosities
  A hellephant (Abyss:3)
  A lich (Abyss:3)
  A sphinx (Vaults:3)
  A quicksilver dragon (shapeshifter) (Elf:2)
  Gastronok (D:8)
  5 tentacled starspawn (Abyss:3)
  An Executioner (Abyss:3)
  A tengu reaver (Vaults:5)
  Aizul (Vaults:4)
  12 vault wardens
  The ghost of Vorhees the Severer, a journeyman MiCK of Xom (Orc:2)
  The ghost of dohliylev the Severer, a journeyman MiBe of Trog (Lair:5)
  20 ironbound preservers
  4 orc warlords
  A cacodemon (Abyss:3)
  5 ironbound thunderhulks
  A red draconian (Abyss:3)
  A lorocyproca (Abyss:3)
  2 minotaurs
  6 dire elephants
  The ghost of Cooqonn the Thaumaturge, a journeyman DsVM of Kikubaaqudgha (D:12)
  2 deep elf high priests
  2 entropy weavers
  A shambling mangrove (Abyss:4)
  A deep elf death mage (Elf:1)
  9 yaktaur captains
  An entropy weaver (shapeshifter) (Elf:1)
  7 vault guards
  Erolcha (Orc:2)
  9 hydras
  2 ogre magi (Orc:2)
  A rakshasa (Abyss:3)
  A two-headed ogre (D:11)
  A ghost crab (Gauntlet)
  A peacekeeper (Vaults:4)
  5 boulder beetles
  2 death knights
  5 ironbound frosthearts
  2 catoblepae
  28 dancing weapons
  6 centaur warriors
  7 death yaks
  A vampire mage (Vaults:3)
  A tengu warrior (D:14)
  A demonic crawler (Abyss:3)
  A deep troll earth mage (D:15)
  8 thrashing horrors
  An orc high priest (Orc:2)
  A sun demon (Abyss:3)
  Sonja (D:13)
  A soul eater (Abyss:3)
  Nergalle (Orc:2)
  A shadow wraith (Abyss:3)
  12 deep elf knights
  2 skysharks
  A spatial maelstrom (Abyss:3)
  A sixfirhy (Abyss:3)
  3 wretched stars (Abyss:3)
  48 deep trolls
  7 arcanists
  A flayed ghost (Abyss:3)
  5 deep elf archers (Elf:1)
  10 skeletal warriors
  A shadow dragon zombie (Vaults:1)
  An occultist (D:14)
  16 deep elf zephyrmancers
  8 ironbound convokers
  5 lindwurms
  A phantasmal warrior (D:15)
  14 deep elf pyromancers
  A harpy (Vaults:2)
  5 necromancers
  An oklob plant (Lair:2)
  A cyclops (Orc:1)
  4 manticores
  8 orc sorcerers
  7 orc knights
  2 worldbinders (Abyss:3)
  28 ugly things
  21 elephants
  A merfolk siren (Lair:3)
  A black mamba (Lair:5)
  7 smoke demons
  Joseph (D:8)
  3 apocalypse crabs
  4 orange demons
  3 gargoyles
  12 vault sentinels
  14 cane toads
  3 rime drakes
  2 unseen horrors
  3 efreet
  2 ancient zymes (Abyss:3)
  An elf zombie (Vaults:1)
  6 komodo dragons
  29 yaktaurs
  2 freezing wraiths (Abyss:3)
  A kobold demonologist (D:10)
  3 polar bears
  A silent spectre (Abyss:3)
  A queen bee (shapeshifter) (Lair:5)
  5 trolls
  A meliai (shapeshifter) (Elf:1)
  14 large abominations
  A hornet (shapeshifter) (Lair:5)
  5 raiju
  4 hornets
  A wolf spider simulacrum (D:15)
  An ettin zombie (Vaults:3)
  A raiju (shapeshifter) (D:14)
  32 blink frogs
  An air elemental (Elf:1)
  A centaur simulacrum (D:15)
  A spriggan (Lair:5)
  4 vampires
  A shadow (D:10)
  4 wraiths
  6 wyverns
  24 yaks
  An elf simulacrum (Vaults:3)
  5 ynoxinuls
  2 fire elementals (Elf:2)
  6 basilisks
  A water elemental (Elf:2)
  18 humans
  15 starcursed masses (Abyss:3)
  2 human simulacra (Vaults:2)
  19 small abominations
  7 chaos spawn
  5 wargs
  Edmund (D:6)
  2 vampire mosquitoes (D:12)
  A harpy simulacrum (Abyss:3)
  Duvessa (D:7)
  21 water moccasins
  A glowing shapeshifter skeleton (Vaults:1)
  31 orc warriors
  A black bear (D:6)
  A human zombie (Vaults:3)
  4 wolves (Lair:1)
  5 ogres
  A boggart (Vaults:2)
  8 centaurs
  2 human skeletons (Vaults:1)
  8 kobold brigands
  A phantom (D:6)
  10 bullfrogs
  2 gnoll sergeants (D:9)
  5 scorpions
  An earth elemental (Abyss:3)
  12 wights
  Dowan (D:7)
  18 killer bees
  A howler monkey (D:5)
  An electric eel (Lair:1)
  A quasit (Abyss:3)
  A hound (D:6)
  18 orc priests
  A gnoll bouda (D:5)
  2 iguanas
  Ijyb (D:3)
  A sleepcap (D:8)
  27 orc wizards
  5 hell rats (Lair:5)
  21 gnolls
  6 adders
  3 river rats (Sewer)
  A shadow imp (D:5)
  6 white imps
  4 ufetubi (D:5)
  A worm (Sewer)
  A dart slug (D:1)
  68 orcs
  3 bats
  2 giant cockroaches (D:4)
  9 goblins
  7 hobgoblins
  7 jackals
  35 kobolds
  6 quokkas
  8 ball pythons
  5 frilled lizards
  8 rats
  4 starspawn tentacles (Abyss:3)
1091 creatures vanquished.

Vanquished Creatures (collateral kills)
  Jorgrun (Orc:1)
  A boulder beetle (Orc:1)
  A hell hog (Lair:5)
  A skeletal warrior (D:14)
  An orb spider (Lair:3)
  An orc sorcerer (Orc:2)
  A red devil (Lair:5)
  Menkaure (D:6)
  2 orc warriors
  An ogre (Orc:1)
  An orc priest (Orc:1)
  An orc (Orc:1)
13 creatures vanquished.

Vanquished Creatures (others)
  A sphinx (Vaults:4)
  A vault warden (Vaults:4)
  2 formless jellyfish
  4 great orbs of eyes
  An ironbound thunderhulk (Vaults:1)
  A yaktaur captain (Vaults:2)
  An ironbound frostheart (Vaults:4)
  2 arcanists
  2 glowing orange brains
  An ironbound convoker (Vaults:3)
  A necromancer (Vaults:2)
  An elephant (shapeshifter) (Abyss:3)
  2 vault sentinels
  5 yaktaurs
  A rime drake (Lair:5)
  A hornet (Abyss:4)
  17 slime creatures
  6 golden eyes (Abyss:3)
  A redback (Vaults:1)
  2 water moccasins
  4 orc warriors (Vaults:3)
  2 centaurs
  2 bullfrogs
  A wight (D:7)
  A killer bee (D:8)
  A human simulacrum (Vaults:2)
  4 lava snakes (Lair:3)
  An orc priest (Vaults:3)
  82 jellies
  2 sleepcaps (D:7)
  An iguana (D:7)
  5 orc wizards
  2 gnolls (D:6)
  A shadow imp (D:7)
  An ufetubus (D:6)
  A worm (D:2)
  A dart slug (D:3)
  5 orcs
  2 endoplasms
  2 giant cockroaches
  3 goblins
  2 kobolds
  A bat (D:1)
  A frilled lizard (D:2)
  A rat (D:3)
  2 butterflies (Abyss:3)
  A lurking horror (Abyss:3)
  5 starspawn tentacles (Abyss:3)
190 creatures vanquished.

Grand Total: 1294 creatures vanquished

Notes
Turn   | Place    | Note
-------+----------+-------------------------------------------
     0 | D:1      | PostNTowers the Hill Orc Fighter began the quest for the
                  | Orb.
     0 | D:1      | Reached XP level 1. HP: 19/19 MP: 1/1
   130 | D:1      | Reached XP level 2. HP: 21/27 MP: 2/2
   183 | D:1      | Reached skill level 3 in Axes
   196 | D:1      | Found a faded altar of an unknown god.
   202 | D:1      | Prayed at the altar of an unknown god.
   202 | D:1      | Became a worshipper of Jiyva Jioh the Shapeless
   202 | D:1      | Reached * piety under Jiyva
   395 | D:1      | Reached XP level 3. HP: 32/33 MP: 3/3
   735 | D:2      | You fall into a shaft and drop 1 floor!
  1018 | D:2      | Reached ** piety under Jiyva
  1760 | D:3      | Reached XP level 4. HP: 40/40 MP: 4/4
  1777 | D:3      | Reached skill level 4 in Axes
  2107 | D:3      | Reached *** piety under Jiyva
  2149 | D:3      | Found a blossoming altar of Fedhas.
  2247 | D:3      | Noticed Ijyb
  2421 | D:3      | Killed Ijyb
  2422 | D:3      | Reached XP level 5. HP: 46/46 MP: 5/5
  2583 | D:4      | Noticed an ogre
  2589 | D:4      | Killed an ogre
  2590 | D:4      | Reached skill level 5 in Axes
  2643 | D:4      | Found Otygod's Distillery.
  2651 | D:4      | Bought a potion of heal wounds for 50 gold pieces
  2651 | D:4      | Bought a potion of might for 40 gold pieces
  2652 | D:4      | Found Ucseckut's Weapon Shoppe.
  2695 | D:4      | Found Murotaif's Assorted Antiques.
  2717 | D:4      | Found a glowing drain.
  2755 | D:4      | Reached XP level 6. HP: 47/53 MP: 6/6
  2758 | D:4      | Reached skill level 5 in Armour
  2779 | Sewer    | Entered a sewer
  2798 | Sewer    | Reached **** piety under Jiyva
  2999 | Sewer    | Reached skill level 6 in Axes
  3075 | Sewer    | Reached skill level 5 in Fighting
  3075 | Sewer    | Reached XP level 7. HP: 61/61 MP: 7/7
  3112 | Sewer    | Gained mutation: You are partially covered in iridescent
                  | scales. (AC +2) [Jiyva's grace]
  3112 | Sewer    | Gained mutation: You are mostly covered in iridescent
                  | scales. (AC +4) [Jiyva's grace]
  3112 | Sewer    | Gained mutation: You are completely covered in iridescent
                  | scales. (AC +6) [Jiyva's grace]
  3112 | Sewer    | Gained mutation: You have a somewhat thin skeletal
                  | structure. (Dex +2, Stealth+) [Jiyva's grace]
  3583 | D:4      | Reached skill level 7 in Axes
  3813 | D:5      | Entered Level 5 of the Dungeon
  3890 | D:5      | Reached skill level 8 in Axes
  3895 | D:5      | Reached XP level 8. HP: 70/70 MP: 8/8
  4008 | D:5      | Reached ***** piety under Jiyva
  4065 | D:5      | Found a stormy altar of Qazlal.
  4092 | D:5      | Upgraded the game from 0.31-a0-889-g1a8549509d to
                  | 0.31-a0-920-g28cbb04a8c
  4145 | D:5      | Found a staircase to the Ecumenical Temple.
  4399 | D:6      | Reached skill level 9 in Axes
  4568 | D:6      | Noticed Edmund
  4585 | D:6      | Killed Edmund
  4622 | D:6      | Noticed Menkaure
  4633 | D:6      | Killed Menkaure
  4674 | D:6      | Reached skill level 10 in Axes
  4970 | D:6      | Reached XP level 9. HP: 79/79 MP: 9/9
  5127 | D:7      | Found a burning altar of Makhleb.
  5166 | D:7      | Noticed Dowan
  5167 | D:7      | Lost mutation: You are completely covered in iridescent
                  | scales. (AC +6) [Jiyva's grace]
  5167 | D:7      | Lost mutation: You have a somewhat thin skeletal structure.
                  | (Dex +2, Stealth+) [Jiyva's grace]
  5167 | D:7      | Gained mutation: You have hidden genetic potential.
                  | [Jiyva's grace]
  5167 | D:7      | Gained mutation: You have great hidden genetic potential.
                  | [Jiyva's grace]
  5167 | D:7      | Gained mutation: You have sharp toenails. [Jiyva's grace]
  5167 | D:7      | Gained mutation: You have razor-sharp toenails. [Jiyva's
                  | grace]
  5167 | D:7      | Noticed Duvessa
  5181 | D:7      | Killed Duvessa
  5185 | D:7      | Killed Dowan
  5225 | D:7      | Reached skill level 11 in Axes
  5295 | D:7      | Found an opulent altar of Gozag.
  6003 | D:8      | Noticed a boulder beetle
  6027 | D:8      | Killed a boulder beetle
  6028 | D:8      | Reached skill level 12 in Axes
  6028 | D:8      | Reached skill level 5 in Shields
  6077 | D:8      | Noticed Gastronok
  6089 | D:8      | Killed Gastronok
  6090 | D:8      | Reached skill level 13 in Axes
  6090 | D:8      | Reached XP level 10. HP: 78/90 MP: 10/10
  6093 | D:8      | Gained mutation: You have a somewhat thin skeletal
                  | structure. (Dex +2, Stealth+) [hidden potential]
  6138 | D:8      | Reached skill level 14 in Axes
  6234 | D:8      | Noticed Joseph
  6243 | D:8      | Killed Joseph
  6848 | D:9      | Reached skill level 15 in Axes
  6880 | D:9      | Found a bloodstained altar of Trog.
  6890 | D:9      | Found a staircase to the Orcish Mines.
  6923 | D:9      | Noticed an unseen horror
  6929 | D:9      | Killed an unseen horror
  6978 | D:9      | Reached XP level 11. HP: 89/97 MP: 11/11
  6996 | D:9      | Found a staircase to the Lair.
  7021 | D:9      | Reached ****** piety under Jiyva
  7156 | D:9      | Lost mutation: You have razor-sharp toenails. [Jiyva's
                  | grace]
  7156 | D:9      | Gained mutation: Your flesh is cold resistant. (rC+)
                  | [Jiyva's grace]
  7156 | D:9      | Gained mutation: Your flesh is very cold resistant. (rC++)
                  | [Jiyva's grace]
  7156 | D:9      | Gained mutation: Your flesh is almost immune to the effects
                  | of cold. (rC+++) [Jiyva's grace]
  7156 | D:9      | Gained mutation: You have a small jelly attached to you
                  | that senses nearby items. [Jiyva's grace]
  7330 | Lair:5   | Identified the "Udode"
  7330 | Orc:1    | Entered Level 1 of the Orcish Mines
  7355 | Orc:1    | Gained mutation: Your muscles are strong. (Str +4, Int/Dex
                  | -1) [hidden potential]
  7355 | Orc:1    | Lost mutation: You have great hidden genetic potential.
                  | [hidden potential expressed]
  7454 | Orc:2    | Entered Level 2 of the Orcish Mines
  7455 | Orc:2    | Noticed an orc knight
  7465 | Orc:2    | Killed an orc knight
  7466 | Orc:2    | Reached skill level 16 in Axes
  7554 | Orc:2    | Noticed an orc sorcerer
  7562 | Orc:2    | Killed an orc sorcerer
  7563 | Orc:2    | Reached skill level 10 in Fighting
  7594 | Orc:2    | Noticed Vorhees's ghost (journeyman MiCK)
  7596 | Orc:2    | Noticed a minotaur
  7598 | Orc:2    | Noticed an orc high priest
  7602 | Orc:2    | Noticed an orc knight
  7645 | Orc:2    | Noticed an orc sorcerer
  7646 | Orc:2    | Noticed an ogre mage
  7653 | Orc:2    | Noticed Erolcha
  7656 | Orc:2    | Noticed a soul eater
  7659 | Orc:2    | Killed an orc sorcerer
  7660 | Orc:2    | Reached skill level 17 in Axes
  7664 | Orc:2    | Killed Erolcha
  7667 | Orc:2    | Found a runed translucent gate.
  7667 | Orc:2    | Found a runed translucent gate.
  7667 | Orc:2    | Found a runed translucent gate.
  7671 | Orc:2    | Killed an ogre mage
  7674 | Orc:2    | Noticed an orc sorcerer
  7676 | Orc:2    | Paralysed by an orc sorcerer for 4 turns
  7680 | Orc:2    | Killed an orc sorcerer
  7688 | Orc:2    | Killed an orc knight
  7689 | Orc:2    | Killed Vorhees's ghost
  7690 | Orc:2    | Reached skill level 18 in Axes
  7690 | Orc:2    | Reached skill level 10 in Armour
  7690 | Orc:2    | Reached XP level 12. HP: 59/110 MP: 12/12
  7690 | Orc:2    | Killed an orc high priest
  7694 | Orc:2    | Killed a minotaur
  7732 | Orc:2    | Noticed Nergalle
  7745 | Orc:2    | Killed Nergalle
  7821 | Orc:2    | Found a staircase to the Elven Halls.
  7917 | Orc:2    | Reached skill level 19 in Axes
  7922 | Orc:2    | Found Hecken's Antique Weapon Boutique.
  7940 | Orc:2    | Found a radiant altar of Vehumet.
  7952 | Orc:2    | Noticed an ogre mage
  7955 | Orc:2    | Killed an ogre mage
  7956 | Orc:2    | Found an ancient bone altar of Kikubaaqudgha.
  7999 | Orc:2    | Found a roughly hewn altar of Beogh.
  7999 | Orc:2    | Found Maqi's Book Boutique.
  8006 | Orc:2    | Found Nuaj's Antique Armour Boutique.
  8014 | Orc:2    | Found Mead's Magic Scroll Shop.
  8017 | Orc:2    | Bought a pair of runed gloves for 202 gold pieces
  8017 | Orc:2    | Bought an ancient helmet for 256 gold pieces
  8017 | Orc:2    | Identified the +2 helmet "Zoan Qaoss" {Str+3} (You bought
                  | it in a shop on level 2 of the Orcish Mines)
  8026 | Orc:2    | Bought a scroll of identify for 30 gold pieces
  8026 | Orc:2    | Bought a scroll of enchant armour for 112 gold pieces
  8026 | Orc:2    | Bought a scroll of identify for 30 gold pieces
  8326 | Orc:1    | Noticed Jorgrun
  8343 | Orc:1    | Noticed a boulder beetle
  8350 | Orc:1    | Killed Jorgrun
  8354 | Orc:1    | Killed a boulder beetle
  8530 | Orc:1    | Noticed an orc warlord
  8554 | Orc:1    | Reached skill level 20 in Axes
  8565 | Orc:1    | HP: 5/113 [orc warlord/+1 glaive of flaming (1)]
  8570 | Orc:1    | Killed an orc warlord
  8956 | Lair:1   | Entered Level 1 of the Lair of Beasts
  8998 | Lair:1   | Reached XP level 13. HP: 119/119 MP: 13/13
  9076 | Lair:1   | Found a runed translucent door.
  9151 | Lair:1   | Gained mutation: You expend magic power (3 MP) to
                  | strengthen your wands. [hidden potential]
  9353 | Lair:1   | Identified the +9 morningstar "Asoxevuf" {chaos, Will+
                  | Str+3 Int+5}
  9371 | Lair:1   | Found an iron altar of Okawaru.
  9395 | Lair:1   | Reached skill level 21 in Axes
  9900 | Temple   | Entered the Ecumenical Temple
 10022 | Lair:2   | Lost mutation: You are mostly covered in iridescent scales.
                  | (AC +4) [Jiyva's grace]
 10022 | Lair:2   | Gained mutation: You are agile. (Dex +4, Str/Int -1)
                  | [Jiyva's grace]
 10022 | Lair:2   | Gained mutation: You are very agile. (Dex +8, Str/Int -2)
                  | [Jiyva's grace]
 10022 | Lair:2   | Gained mutation: Your muscles are very strong. (Str +8,
                  | Int/Dex -2) [Jiyva's grace]
 10022 | Lair:2   | Gained mutation: You have very sharp teeth. [Jiyva's grace]
 10186 | Lair:2   | Reached skill level 1 in Stealth
 10188 | Lair:2   | Reached skill level 1 in Dodging
 10735 | Lair:2   | Reached XP level 14. HP: 133/133 MP: 14/14
 11087 | Lair:3   | Gained mutation: You have a pair of small antennae on your
                  | head. [hidden potential]
 11087 | Lair:3   | Lost mutation: You have hidden genetic potential. [hidden
                  | potential expressed]
 11104 | Lair:3   | Lost mutation: You have very sharp teeth. [Jiyva's grace]
 11104 | Lair:3   | Lost mutation: You are very agile. (Dex +8, Str/Int -2)
                  | [Jiyva's grace]
 11104 | Lair:3   | Lost mutation: Your flesh is almost immune to the effects
                  | of cold. (rC+++) [Jiyva's grace]
 11104 | Lair:3   | Lost mutation: You have a small jelly attached to you that
                  | senses nearby items. [Jiyva's grace]
 11104 | Lair:3   | Gained mutation: You have acidic saliva. [Jiyva's grace]
 11104 | Lair:3   | Gained mutation: You have razor-sharp toenails. [Jiyva's
                  | grace]
 11104 | Lair:3   | Gained mutation: You have claws for feet. [Jiyva's grace]
 11104 | Lair:3   | Gained mutation: You have a small jelly attached to you
                  | that may absorb projectiles. [Jiyva's grace]
 11356 | Lair:3   | Reached skill level 15 in Fighting
 11382 | Lair:3   | Found a hole to the Spider Nest.
 11492 | Lair:3   | Found a staircase to the Shoals.
 11617 | Lair:3   | You fall into a shaft and drop 1 floor!
 11723 | Lair:4   | Paralysed by a hornet for 1 turns
 12319 | Lair:4   | Lost mutation: You are agile. (Dex +4, Str/Int -1) [Jiyva's
                  | grace]
 12319 | Lair:4   | Gained mutation: Your melee attacks may engulf your foes in
                  | ooze. [Jiyva's grace]
 12319 | Lair:4   | Gained mutation: You are mostly covered in iridescent
                  | scales. (AC +4) [Jiyva's grace]
 12319 | Lair:4   | Gained mutation: You are completely covered in iridescent
                  | scales. (AC +6) [Jiyva's grace]
 12319 | Lair:4   | Gained mutation: You are agile. (Dex +4, Str/Int -1)
                  | [Jiyva's grace]
 12921 | Lair:5   | Entered Level 5 of the Lair of Beasts
 13084 | Lair:5   | Found a transporter.
 13084 | Lair:5   | Found a transporter.
 13093 | Lair:5   | Noticed dohliylev's ghost (journeyman MiBe)
 13097 | Lair:5   | Reached skill level 22 in Axes
 13108 | Lair:5   | Killed dohliylev's ghost
 13110 | Lair:5   | Found a one-way gate to the infinite horrors of the Abyss.
 13424 | Lair:5   | Reached XP level 15. HP: 145/145 MP: 15/15
 13716 | Lair:5   | Found a corrupted altar of Lugonu.
 13920 | Lair:5   | Found a staircase to the Slime Pits.
 14135 | D:10     | Entered Level 10 of the Dungeon
 14164 | D:10     | Lost mutation: You have a pair of small antennae on your
                  | head. [Jiyva's grace]
 14164 | D:10     | Lost mutation: You have claws for feet. [Jiyva's grace]
 14164 | D:10     | Lost mutation: You are completely covered in iridescent
                  | scales. (AC +6) [Jiyva's grace]
 14164 | D:10     | Lost mutation: You are agile. (Dex +4, Str/Int -1) [Jiyva's
                  | grace]
 14164 | D:10     | Lost mutation: You have acidic saliva. [Jiyva's grace]
 14164 | D:10     | Lost mutation: Your melee attacks may engulf your foes in
                  | ooze. [Jiyva's grace]
 14164 | D:10     | Gained mutation: You have acidic saliva. [Jiyva's grace]
 14164 | D:10     | Gained mutation: You passively map a small area around you.
                  | [Jiyva's grace]
 14164 | D:10     | Gained mutation: You passively map the area around you.
                  | [Jiyva's grace]
 14164 | D:10     | Gained mutation: You passively map a large area around you.
                  | [Jiyva's grace]
 14206 | D:10     | Found Yviman's Book Shoppe.
 14649 | D:10     | Found a portal to a secret trove of treasure.
 16294 | D:12     | Found a runed translucent gate.
 16294 | D:12     | Noticed Cooqonn's ghost (journeyman DsVM)
 16295 | D:12     | Identified the +8 plate armour "Fistreth" {Regen+}
 16295 | D:12     | Found a runed translucent gate.
 16296 | D:12     | Found a runed translucent gate.
 16297 | D:12     | Found a roughly hewn altar of Beogh.
 16306 | D:12     | Killed Cooqonn's ghost
 16338 | D:12     | Identified the scarf of Resmeoza {shadows, Drain rPois
                  | SInv}
 16445 | D:12     | Lost mutation: You have a somewhat thin skeletal structure.
                  | (Dex +2, Stealth+) [Jiyva's grace]
 16445 | D:12     | Lost mutation: You have acidic saliva. [Jiyva's grace]
 16445 | D:12     | Gained mutation: Your body has grown eyes which may confuse
                  | attackers. (Acc +3) [Jiyva's grace]
 16445 | D:12     | Gained mutation: Your body has grown many eyes which may
                  | confuse attackers. (Acc +5) [Jiyva's grace]
 16445 | D:12     | Gained mutation: Your body is covered in eyes which may
                  | confuse attackers. (Acc +7, SInv) [Jiyva's grace]
 16445 | D:12     | Gained mutation: You are robust. (+10% HP) [Jiyva's grace]
 16813 | D:13     | Noticed Sonja
 16829 | D:13     | Killed Sonja
 17157 | D:13     | Found a gate to the Vaults.
 17830 | D:14     | Reached skill level 5 in Dodging
 17910 | D:14     | Reached skill level 15 in Armour
 17910 | D:14     | Reached XP level 16. HP: 172/172 MP: 16/16
 17964 | D:14     | Lost mutation: You are mostly covered in iridescent scales.
                  | (AC +4) [Jiyva's grace]
 17964 | D:14     | Lost mutation: Your muscles are very strong. (Str +8,
                  | Int/Dex -2) [Jiyva's grace]
 17964 | D:14     | Lost mutation: Your body is covered in eyes which may
                  | confuse attackers. (Acc +7, SInv) [Jiyva's grace]
 17964 | D:14     | Lost mutation: Your body has grown many eyes which may
                  | confuse attackers. (Acc +5) [Jiyva's grace]
 17964 | D:14     | Gained mutation: You are covered in slimy tendrils that may
                  | disarm your opponents. [Jiyva's grace]
 17964 | D:14     | Gained mutation: Your body has grown many eyes which may
                  | confuse attackers. (Acc +5) [Jiyva's grace]
 17964 | D:14     | Gained mutation: Your body is covered in eyes which may
                  | confuse attackers. (Acc +7, SInv) [Jiyva's grace]
 17964 | D:14     | Gained mutation: You have an increased reservoir of magic.
                  | (+10% MP) [Jiyva's grace]
 18207 | D:14     | Reached skill level 23 in Axes
 18624 | D:15     | Entered Level 15 of the Dungeon
 18636 | D:15     | Identified a scroll of acquirement
 18636 | D:15     | Acquired a +1 heavy executioner's axe
 18658 | D:15     | Found a gate leading to a gauntlet.
 18667 | Gauntlet | Entered a Gauntlet
 18667 | Gauntlet | Found a transporter.
 18683 | Gauntlet | Found a transporter.
 18691 | Gauntlet | Found a transporter.
 18695 | Gauntlet | Identified the +6 battleaxe of Taweschyo {drain, Str+4}
 18696 | Gauntlet | Identified the +5 pair of boots "Orahaziw" {Dex+3}
 18714 | Gauntlet | Found a transporter.
 18719 | Gauntlet | Identified the ring "Nakhasagg" {Wiz rC+ Dex+2 Stlth+}
 18792 | D:15     | Acquired a manual of Fighting
 18796 | D:15     | Acquired 651 gold pieces
 19030 | D:15     | Found a staircase to the Depths.
 19497 | Shoals:4 | Identified the "Senio"
 19497 | Shoals:4 | Identified the "Henosm"
 19497 | Shoals:4 | Identified the of Teusufos
 19497 | Vaults:5 | Identified the "Modosky"
 19497 | Crypt:3  | Identified the "Hypnyovu"
 19497 | Crypt:3  | Identified the "Retoap"
 19497 | Elf:1    | Entered Level 1 of the Elven Halls
 19593 | Elf:1    | Paralysed by an air elemental for 1 turns
 19642 | Elf:1    | Found Van Jite's Jewellery Boutique.
 19643 | Elf:1    | Found Wahileic's Book Emporium.
 19643 | Elf:1    | Found Tyguh's Book Emporium.
 19651 | Elf:1    | Bought the amulet of the Four Winds {rN+ Will+++ Clar} for
                  | 971 gold pieces
 19651 | Elf:1    | Found the amulet of the Four Winds {rN+ Will+++ Clar}
 20247 | Elf:1    | Lost mutation: Your flesh is very cold resistant. (rC++)
                  | [Jiyva's grace]
 20247 | Elf:1    | Lost mutation: You passively map a large area around you.
                  | [Jiyva's grace]
 20247 | Elf:1    | Lost mutation: You are robust. (+10% HP) [Jiyva's grace]
 20247 | Elf:1    | Lost mutation: Your body is covered in eyes which may
                  | confuse attackers. (Acc +7, SInv) [Jiyva's grace]
 20247 | Elf:1    | Gained mutation: Your translucent skin slightly reduces
                  | your foes' accuracy. (Stealth+) [Jiyva's grace]
 20247 | Elf:1    | Gained mutation: Your translucent skin reduces your foes'
                  | accuracy. (Stealth+) [Jiyva's grace]
 20247 | Elf:1    | Gained mutation: Your transparent skin significantly
                  | reduces your foes' accuracy. (Stealth+) [Jiyva's grace]
 20247 | Elf:1    | Lost mutation: Your transparent skin significantly reduces
                  | your foes' accuracy. (Stealth+) [Jiyva's grace]
 20247 | Elf:1    | Lost mutation: Your translucent skin reduces your foes'
                  | accuracy. (Stealth+) [Jiyva's grace]
 20247 | Elf:1    | Lost mutation: Your translucent skin slightly reduces your
                  | foes' accuracy. (Stealth+) [Jiyva's grace]
 20247 | Elf:1    | Gained mutation: Your skin changes colour to match your
                  | surroundings (Stealth+). [Jiyva's grace]
 20660 | Elf:2    | an eight-headed hydra changed into a quicksilver dragon
 20660 | Elf:2    | Noticed a quicksilver dragon (glowing shapeshifter)
 20662 | Elf:2    | Killed a quicksilver dragon
 20663 | Elf:2    | Reached skill level 24 in Axes
 20844 | Elf:2    | Found Nury's Distillery.
 20852 | Elf:2    | Bought a potion of heal wounds for 55 gold pieces
 20852 | Elf:2    | Bought 2 potions of might for 88 gold pieces
 20878 | Elf:2    | Reached XP level 17. HP: 170/170 MP: 18/18
 20883 | Elf:2    | Found a runed translucent gate.
 20884 | Elf:2    | Found a runed translucent gate.
 20884 | Elf:2    | Found a runed translucent gate.
 20915 | Abyss:3  | Cast into level 3 of the Abyss (+2 hand axe of distortion)
 21000 | Abyss:3  | Noticed an Executioner
 21003 | Abyss:3  | Killed an Executioner
 21058 | Abyss:3  | Noticed a tentacled starspawn
 21065 | Abyss:3  | Killed a tentacled starspawn
 21212 | Abyss:3  | Noticed a tentacled starspawn
 21220 | Abyss:3  | Killed a tentacled starspawn
 21314 | Abyss:3  | Noticed a hellephant
 21322 | Abyss:3  | Killed a hellephant
 21368 | Abyss:3  | Noticed a tentacled starspawn
 21375 | Abyss:3  | Killed a tentacled starspawn
 21442 | Abyss:3  | Noticed a lich
 21450 | Abyss:3  | Killed a lich
 21450 | Abyss:3  | Paralysed by accursed screaming for 1 turns
 21452 | Abyss:3  | Noticed a tentacled starspawn
 21459 | Abyss:3  | Reached skill level 5 in Stealth
 21462 | Abyss:3  | Killed a tentacled starspawn
 21469 | Abyss:3  | Noticed a bone dragon
 21479 | Abyss:3  | Killed a bone dragon
 21524 | Abyss:3  | Noticed a tentacled starspawn
 21525 | Abyss:3  | Killed a tentacled starspawn
 21570 | Abyss:4  | Noticed a kraken
 21571 | Abyss:4  | Noticed a tentacled monstrosity
 21573 | Abyss:4  | Noticed a tentacled monstrosity
 21574 | Abyss:4  | Got an abyssal rune of Zot
 21580 | Abyss:4  | Killed a tentacled monstrosity
 21581 | Abyss:4  | Killed a tentacled monstrosity
 21582 | Abyss:4  | Reached skill level 25 in Axes
 21585 | Elf:2    | Escaped the Abyss
 21594 | Elf:2    | Reached XP level 18. HP: 106/187 MP: 19/19
 21834 | Elf:2    | Noticed Nikola
 21856 | Elf:2    | Killed Nikola
 22298 | D:10     | You showed the abyssal rune of Zot to enter a treasure
                  | trove
 22299 | Trove    | Entered a treasure trove
 22308 | Trove    | Identified the +11 spear of the Girdle {protect, Stlth+}
 22309 | Trove    | Identified the +7 mace of Fae Responsibility {protect, rF+}
 22317 | Trove    | Identified the +9 dagger of Zopne {flame, +Blink rElec
                  | rF+++}
 22320 | Trove    | Identified the +3 dagger of the Maze {flame, rF+}
 22329 | Trove    | Identified the +2 spear of the Chewing Penguin {holy, rElec
                  | Int+2 Stlth+}
 22335 | Trove    | Identified the +7 short sword of Suqy Lomofe {chaos, rF-
                  | rC++ Will+ MP+9}
 22493 | Zot:2    | Identified the "Rydyerph"
 22493 | Zot:4    | Identified the "Ukaaf"
 22493 | Slime:1  | Entered Level 1 of the Pits of Slime
 22537 | Slime:5  | Identified the "Darin"
 22537 | Slime:5  | Identified the "Arhuj"
 22537 | Slime:5  | Entered Level 5 of the Pits of Slime
 22597 | Slime:5  | Found a viscous altar of Jiyva.
 22601 | Slime:5  | Noticed the Royal Jelly
 22611 | Slime:5  | Identified the ring of the Uplifting Gods {Wiz rN+ Slay+2}
 22613 | Slime:5  | Identified the +1 scale mail of the Lotus Blossom {Rampage}
 22617 | Slime:5  | Identified the ring of the Villain {rCorr MP+9 Dex+3
                  | Slay-6}
 22620 | Slime:5  | Identified the +2 robe of Tijuimep {Regen+ Str+2 Int-3}
 22626 | Slime:5  | Identified the +4 ring mail of the Original Sin {rN+}
 22627 | Slime:5  | Identified the staff "Ygok" {rPois rC+ rN++ Poison}
 22628 | Slime:5  | Identified the +0 leather armour "Gejafuh" {Dex+2}
 22631 | Slime:5  | Got a slimy rune of Zot
 22633 | Slime:5  | Identified the +2 helmet "Jyeff" {Rampage rCorr Int-5 Dex+5
                  | Slay+6}
 22636 | Slime:5  | Identified the +2 great mace "Concordance" {freeze, Int+2
                  | Dex+5}
 23460 | Vaults:1 | Entered Level 1 of the Vaults
 23463 | Vaults:1 | Lost mutation: Your skin changes colour to match your
                  | surroundings (Stealth+). [Jiyva's grace]
 23463 | Vaults:1 | Lost mutation: Your flesh is cold resistant. (rC+) [Jiyva's
                  | grace]
 23463 | Vaults:1 | Gained mutation: Your muscles are very strong. (Str +8,
                  | Int/Dex -2) [Jiyva's grace]
 23463 | Vaults:1 | Gained mutation: Your body is covered in eyes which may
                  | confuse attackers. (Acc +7, SInv) [Jiyva's grace]
 23463 | Vaults:1 | Gained mutation: Your melee attacks may engulf your foes in
                  | ooze. [Jiyva's grace]
 23463 | Vaults:1 | Gained mutation: You have hidden genetic potential.
                  | [Jiyva's grace]
 24810 | Vaults:2 | Reached XP level 19. HP: 198/198 MP: 20/20
 24914 | Vaults:2 | Found Muzipsa's Weapon Boutique.
 24986 | Vaults:2 | Found a runed translucent door.
 24986 | Vaults:2 | Lost mutation: You passively map the area around you.
                  | [Jiyva's grace]
 24986 | Vaults:2 | Lost mutation: Your body is covered in eyes which may
                  | confuse attackers. (Acc +7, SInv) [Jiyva's grace]
 24986 | Vaults:2 | Lost mutation: You have hidden genetic potential. [Jiyva's
                  | grace]
 24986 | Vaults:2 | Gained mutation: You possess an exceptional clarity of
                  | mind. [Jiyva's grace]
 24986 | Vaults:2 | Gained mutation: You have claws for feet. [Jiyva's grace]
 24986 | Vaults:2 | Gained mutation: You have hidden genetic potential.
                  | [Jiyva's grace]
 24986 | Vaults:2 | Gained mutation: You have great hidden genetic potential.
                  | [Jiyva's grace]
 24989 | Vaults:2 | Found the +8 whip "Snakebite" {venom, curare, rPois}
 25248 | Vaults:2 | Identified the staff of Distraction {rElec Str+3 Air}
 25347 | Vaults:3 | Found a staircase to the Crypt.
 25724 | Vaults:3 | Noticed Saint Roka
 25732 | Vaults:3 | Killed Saint Roka
 25821 | Vaults:3 | Identified the ring of Salvation {Will+ SInv}
 26038 | Vaults:3 | Reached skill level 26 in Axes
 26349 | Vaults:3 | Lost mutation: You have claws for feet. [Jiyva's grace]
 26349 | Vaults:3 | Lost mutation: Your body has grown many eyes which may
                  | confuse attackers. (Acc +5) [Jiyva's grace]
 26349 | Vaults:3 | Lost mutation: You have great hidden genetic potential.
                  | [Jiyva's grace]
 26349 | Vaults:3 | Lost mutation: You have a small jelly attached to you that
                  | may absorb projectiles. [Jiyva's grace]
 26349 | Vaults:3 | Lost mutation: Your melee attacks may engulf your foes in
                  | ooze. [Jiyva's grace]
 26349 | Vaults:3 | Gained mutation: You have claws for feet. [Jiyva's grace]
 26349 | Vaults:3 | Gained mutation: Your skin changes colour to match your
                  | surroundings (Stealth+). [Jiyva's grace]
 26349 | Vaults:3 | Gained mutation: Your skin blends seamlessly with your
                  | surroundings (Stealth++). [Jiyva's grace]
 26349 | Vaults:3 | Gained mutation: Your skin perfectly mimics your
                  | surroundings (Stealth+++). [Jiyva's grace]
 26599 | Vaults:4 | Noticed Aizul
 26610 | Vaults:4 | Killed Aizul
 26782 | Vaults:4 | Reached XP level 20. HP: 191/211 MP: 22/22
 26946 | Vaults:4 | Gained mutation: You have a pair of small antennae on your
                  | head. [hidden potential]
 27368 | Vaults:4 | Noticed Mennas
 27383 | Vaults:4 | Killed Mennas
 27783 | Vaults:5 | Entered Level 5 of the Vaults
 27805 | Vaults:5 | Noticed Frederick
 27809 | Vaults:5 | HP: 7/212 [vault warden/+7 glaive of flaming (6)]
 27810 | Vaults:5 | Mangled by a vault warden

Illustrated notes

Levels and vault maps discovered:
D:1:      minmay_arrival_doors, layout_loops_ring,
          ebering_ecumenical_altar_rust, hangedman_glass_teeth
D:2:      layout_basic, columned_hall_lemuel
D:3:      minmay_general_purpose_star, layout_basic,
          mainiacjoe_overflow_small_starburst, uniq_ijyb
D:4:      layout_gridville, serial_shops, shop, nicolae_shop_statue_plus, shop,
          gup_sewer_entry_glass
D:5:      layout_cave_pools, kennysheep_mini, minmay_temple_entry_poolview
D:6:      layout_basic, kennysheep_generic_room_11, uniq_menkaure, uniq_edmund
D:7:      layout_basic, nicolae_gozag_cash_rules_everything_around_me,
          old_standard_altar, uniq_duvessa
D:8:      layout_loops_ring, eino_jars, uniq_joseph, uniq_gastronok
D:9:      layout_big_octagon, mainiacjoe_overflow_tiny_flanked,
          erik_lair_orcish_takeover, david_orc_3, st_stairs_12
D:10:     layout_long_grid, trove_entry_hex_spiral, serial_shops,
          kennysheep_mini_moat
D:11:     layout_basic
D:12:     layout_basic, biasface_ghost_orc_armoury
D:13:     layout_basic, grunt_vaults_entry_tiered,
          eino_small_chamber_without_monster, uniq_sonja
D:14:     layout_basic, minmay_misc_feat_roman, kennysheep_generic_room_10
D:15:     hellmonk_depths_entry_around_the_bend, layout_rooms,
          chequers_serial_rivers_large_a, gauntlet_entry_generic
Temple:   bh_familiar_temple
Lair:1:   gammafunk_lair_enchanted_lake, layout_misc_corridors, basic_altar,
          serial_bayou_crossing, lemuel_fruit_tree
Lair:2:   layout_cave_pods, chequers_serial_rivers_small_a,
          nicolae_lair_grazing_beasts [nicolae_sub_lair_graze_edge,
          nicolae_sub_lair_graze_edge, nicolae_sub_lair_graze_edge,
          nicolae_sub_lair_graze_edge]
Lair:3:   layout_hall_layers, minmay_shoals_entry_lonely_mermaid,
          nicolae_spider_entry_orb_guardian, disabler_island
Lair:4:   layout_cave_pods
Lair:5:   hellmonk_lair_end_abyssal_woods, layout_cave_shapes, slime_entry_1,
          gammafunk_ghost_abyssal_escape, grunt_megastairs_4
Slime:1:  cheibrodos_slime_lost_civilization_3, layout_caves
Slime:2:  layout_caves
Slime:3:  layout_caves, nicolae_slime_crime_time
Slime:4:  layout_caves
Slime:5:  slime_pit_nicolae_royal_road_to_ruin
Orc:1:    layout_diamond_mine, rock_pile, uniq_jorgrun
Orc:2:    kennysheep_orc_mage_school, layout_diamond_mine,
          maelrawn_ghost_gauntlet_escape
Elf:1:    layout_loops_corners, minmay_elf_crystal_heptagon, minmay_shop_grove
Elf:2:    nicolae_elf_blades_crystal_corner, layout_geoelf_grid, serial_shops,
          shop, uniq_nikola
Vaults:1: v_misc_1, nicolae_vaults_shelves_hall, nicolae_vaults_tetromino_L_1,
          ontoclasm_vaults_twist, v_misc_29, v_misc_3,
          ontoclasm_vaults_shuriken, layout_vaults_omnigrid
Vaults:2: nicolae_vaults_taking_the_gang_shopping, v_alt_pattern_4, v_rooms_5,
          hangedman_vaults_trim, hangedman_vaults_stagger, vaults_room_fours,
          nicolae_vaults_oval_intersection, nicolae_vaults_tetromino_Z_2,
          vaults_room_hallway, nicolae_vaults_oozy_zoo,
          nicolae_vaults_apartment_1, nicolae_vaults_storage_closets_2,
          layout_vaults_maze_snakey
Vaults:3: nicolae_vaults_puzzle_piece, v_rooms_4, ontoclasm_vaults_ring_large,
          nicolae_vaults_wrenched, minmay_crypt_entry_vampire_xt,
          nicolae_vaults_cornered_office, v_misc_9, vaults_dpeg_cross,
          layout_vaults_omnibox, uniq_saint_roka
Vaults:4: st_lines, hangedman_vaults_corner, v_misc_12, v_misc_30, v_misc_9,
          nicolae_vaults_asterisk, nicolae_vaults_tangram_2,
          nicolae_vaults_diamond_1, nicolae_vaults_little_ls, v_rooms_6,
          hangedman_vaults_corner_blocks, nicolae_vaults_little_squares_4,
          dpeg_vaults_monster_box, nicolae_vaults_oval_intersection,
          hangedman_vaults_corner_blocks, vaults_dpeg_ring, layout_vaults_ring,
          uniq_aizul, uniq_mennas
Vaults:5: serial_shops, uniq_frederick

Skill      XL: |  1  2  3  4  5  6  7  8  9 10 11 12 13 14 15 16 17 18 19 |
---------------+----------------------------------------------------------+-----
Axes           | 3 4 5 6 8 10 13 15 18 20 21 22 24 25 26 | 26.3
Fighting       | 4 5 7 8 9 11 12 14 16 18 20 22 23 25 | 25.7
Armour         | 4 5 6 8 9 10 12 13 15 16 17 18 | 18.6
Shields        | 4 5 |  5.1
Stealth        | 1 2 4 5 7 |  7.6
Dodging        | 1 3 5 6 7 8 |  8.8

Action                     |  1- 3 |  4- 6 |  7- 9 | 10-12 | 13-15 | 16-18 | 19-21 || total
---------------------------+-------+-------+-------+-------+-------+-------+-------++-------
  Melee: War axe           |   114 |   214 |   223 |       |       |       |       ||   551
         Battleaxe         |       |       |    42 |   336 |   646 |    52 |       ||  1076
         Bite              |       |       |       |       |    56 |       |       ||    56
         Kick              |       |       |       |       |   102 |       |    74 ||   176
         Executioner's axe |       |       |       |       |       |   473 |   256 ||   729
    Use: Scroll            |       |     3 |     9 |     5 |     3 |    18 |     3 ||    41
         Potion            |       |       |       |     4 |     1 |     3 |     3 ||    11
   Stab: Petrified         |       |       |       |       |     5 |       |       ||     5
         Confused          |       |       |       |       |     6 |    18 |     4 ||    28
         Distracted        |       |       |       |       |     1 |       |       ||     1
 Armour: Scale mail        |    70 |       |       |       |       |       |       ||    70
         Crystal plate arm |     8 |   257 |   262 |   517 |   574 |   675 |   353 ||  2646
  Dodge: Dodged            |    60 |    44 |    39 |    92 |   169 |   211 |   110 ||   725
  Block: Buckler           |    23 |    30 |    52 |       |       |       |       ||   105

Table legend: (Time is in decaauts)
 A = Elapsed time spent in this place.
 B = Non-inter-level travel time spent in this place.
 C = Inter-level travel time spent in this place.
 D = Time resting spent in this place.
 E = Time spent auto-exploring this place.
 F = Levels seen in this place.
 G = Mean time per level.
                   A        B        C        D        E       F      G
               +--------+--------+--------+--------+--------+-----+--------+
         Total |  28043 |  25063 |   2980 |    579 |  18874 |  40 |  701.1 |
       Dungeon |  12476 |  11106 |   1370 |    322 |   8601 |  15 |  831.7 |
        Temple |      1 |      0 |      1 |      0 |      0 |   1 |    1.0 |
          Lair |   5087 |   4555 |    532 |     72 |   3627 |   5 | 1017.4 |
    Slime Pits |    767 |    714 |     53 |    100 |    407 |   5 |  153.4 |
  Orcish Mines |   1722 |   1213 |    509 |     13 |    839 |   2 |  861.0 |
   Elven Halls |   2004 |   1893 |    111 |     19 |   1416 |   2 | 1002.0 |
        Vaults |   4368 |   3966 |    402 |      0 |   3255 |   5 |  873.6 |
         Abyss |    681 |    681 |      0 |     51 |    246 |   2 |  340.5 |
         Trove |     44 |     44 |      0 |      0 |      0 |   1 |   44.0 |
         Sewer |    768 |    768 |      0 |      0 |    480 |   1 |  768.0 |
      Gauntlet |    120 |    120 |      0 |      2 |      2 |   1 |  120.0 |
               +--------+--------+--------+--------+--------+-----+--------+

Top non-repeatable levels by time:
Vaults:3: 1257 daAuts
Vaults:4: 1216 daAuts
   Orc:2: 1154 daAuts
    D:11: 1141 daAuts
  Lair:5: 1122 daAuts
   Elf:1: 1099 daAuts
  Lair:3: 1079 daAuts
Vaults:1: 1009 daAuts
    D:10: 1001 daAuts
  Lair:2: 990 daAuts
    D:13: 989 daAuts
  Lair:1: 986 daAuts
     D:3: 979 daAuts
     D:7: 937 daAuts
    D:14: 934 daAuts
